 Dungeon Crawl Stone Soup version 0.27-a0-650-g8dd3ea4f36 (webtiles) character file.

Game seed: 14617183567661880301

81 tilp the Sneak (level 4, -2/29 HPs)
             Began as an Octopode Transmuter on Mar 15, 2021.
             Slain by a gnoll
             ... wielding a +0 spear
              (11 damage)
             ... on level 2 of the Dungeon.
             The game lasted 00:01:49 (1279 turns).

tilp the Sneak (Octopode Transmuter)                Turns: 1279, Time: 00:01:49

Health: -2/29      AC:  1    Str:  9    XL:     4   Next: 40%
Magic:  4/7        EV: 13    Int: 16    God:
Gold:   78         SH:  0    Dex: 12    Spells: 4/7 levels left

rFire    . . .     SeeInvis .     - Unarmed
rCold    . . .     Faith    .   (no shield)
rNeg     . . .     Spirit   .   (helmet currently unavailable)
rPois    .         Reflect  .   (no amulet)
rElec    .         Harm     .   (no ring)
rCorr    .         Rampage  .   (no ring)
Will     .....                  (no ring)
Stlth    +++.......             (no ring)
HPRegen  0.09/turn              (no ring)
MPRegen  0.10/turn              (no ring)
                                (no ring)
                                (no ring)

@: appendages (expiring), wereblooded (expiring)
A: tentacle spike 3, almost no armour, amphibious, 8 rings, camouflage 1,
gelatinous body 1, nimble swimmer 1, tentacles
a: End Transformation


You were on level 2 of the Dungeon.
One of your tentacles had grown a beastly spike.
You visited 1 branch of the dungeon, and saw 2 of its levels.

You collected 78 gold pieces.

Inventory:

Missiles
 a - 81 stones (quivered)
 c - 5 javelins
Scrolls
 e - a scroll of enchant weapon {unknown}
Potions
 b - a potion of flight {unknown}
 d - 2 potions of degeneration {unknown}


   Skills:
 + Level 1.7 Fighting
 - Level 2.0 Dodging
 - Level 4.0 Stealth
 * Level 3.8 Unarmed Combat
 - Level 2.0 Spellcasting
 - Level 2.0 Transmutations


You had 4 spell levels left.
You knew the following spells:

 Your Spells              Type           Power      Damage    Failure   Level
a - Beastly Appendage     Tmut           16%        N/A       9%          1
b - Wereblood             Tmut           8%         N/A       14%         2

Your spell library contained the following spells:

 Spells                   Type           Power      Damage    Failure   Level
 Spider Form              Tmut/Pois      2%         N/A       38%         3
 Ice Form                 Ice/Tmut       4%         N/A       80%         4
 Blade Hands              Tmut           4%         N/A       94%         5


Dungeon Overview and Level Annotations

Branches:
Dungeon (2/15)

Altars:


Innate Abilities, Weirdness & Mutations

One of your tentacles has grown a beastly spike.
You cannot wear most types of armour.
You are amphibious.
You can wear up to eight rings at the same time.
Your skin changes colour to match your surroundings (Stealth+).
Your rubbery body absorbs attacks. (AC +1, EV +1)
You are stealthy while swimming. (Stealth+)
You have tentacles for arms and can constrict up to eight enemies at once.


Message History

You tentacle-slap the gnoll. You grab the gnoll.
You pierce the gnoll, but do no damage.
You squeeze the gnoll.
The gnoll is severely wounded.
You constrict the gnoll.
The gnoll struggles to escape constriction.
You tentacle-slap the gnoll.
You tentacle-slap the gnoll, but do no damage.
The gnoll is almost dead.
You constrict the gnoll, but do no damage.
The gnoll closely misses you.
You tentacle-slap the gnoll but do no damage.
You pierce the gnoll.
You kill the gnoll!
You tentacle-slap the gnoll. You grab the gnoll.
You squeeze the gnoll, but do no damage.
The gnoll is lightly wounded.
You constrict the gnoll, but do no damage.
The gnoll barely misses you.
You tentacle-slap the gnoll. You squeeze the gnoll!
You kill the gnoll!
A gnoll comes into view. It is wielding a +0 spear.
Things that are here:
a gnoll corpse; a gnoll corpse; a gnoll corpse Your primal bloodlust is almost over.
The gnoll shouts!
You howl as the wereblood boils in your veins!
The gnoll hits you with a +0 spear.
You closely miss the gnoll. You grab the gnoll.
You howl as the wereblood boils in your veins!
You constrict the gnoll. The gnoll closely misses you.
You tentacle-slap the gnoll but do no damage.
The gnoll is lightly wounded.
Your transformation is almost over.
You constrict the gnoll. The gnoll hits you with a +0 spear.
* * * LOW HITPOINT WARNING * * *
You tentacle-slap the gnoll.
The gnoll is moderately wounded.
You howl as the wereblood boils in your veins!
You constrict the gnoll. The gnoll hits you with a +0 spear!
You die...

#.. #.# # #<# .. ##### #.# .#
##...### #.######## .#
#.....P# #...!..... # .#
##....P#####†########.#..#
.####P#...##............g.[.#
...##P...###.##.@########...#
....###†####.##.g# ..#
.###.##.##...##.... ...
..##.#..###.###..### ...
.................# #.
..#########.###..# ### #.#
#.... ... .... ..##


You could see a gnoll.

Vanquished Creatures
  3 gnolls (D:2)
  2 adders (D:2)
  4 dart slugs
  A giant cockroach (D:1)
  4 goblins (D:1)
  2 hobgoblins (D:1)
  2 kobolds (D:1)
  4 ball pythons (D:2)
  4 bats (D:1)
  3 frilled lizards
  3 rats (D:1)
32 creatures vanquished.

Vanquished Creatures (others)
  A plant (D:2)
1 creature vanquished.

Grand Total: 33 creatures vanquished

Notes
Turn   | Place    | Note
-------+----------+-------------------------------------------
     0 | D:1      | tilp the Octopode Transmuter began the quest for the Orb.
     0 | D:1      | Reached XP level 1. HP: 13/13 MP: 3/3
   158 | D:1      | Reached skill level 1 in Stealth
   209 | D:1      | Reached skill level 2 in Stealth
   297 | D:1      | Reached XP level 2. HP: 17/18 MP: 5/5
   300 | D:1      | Learned a level 2 spell: Wereblood
   530 | D:1      | Reached skill level 3 in Stealth
   864 | D:1      | Reached XP level 3. HP: 23/23 MP: 6/6
  1163 | D:2      | Reached skill level 4 in Stealth
  1264 | D:2      | Reached XP level 4. HP: 19/28 MP: 3/7
  1279 | D:2      | Slain by a gnoll

Illustrated notes

Levels and vault maps discovered:
D:1:      amcnicky_arrival_feature_with_door, layout_basic, serial_corexii_hall,
          corexii_hall_statues_l, corexii_hall_statues_s,
          chequers_hall_statues_corner_a, chequers_hall_statues_y,
          corexii_hall_statues_l, chequers_hall_statues_y
D:2:      layout_loops_ring, grunt_ministairs_15, minmay_shallow_snake_nest

Skill      XL: |  1  2  3 |
---------------+----------+-----
Stealth        | 2 3 4 |  4.0
Fighting       | |  1.7
Dodging        | |  2.0
Unarmed Combat | |  3.8
Spellcasting   | |  2.0
Transmutations | |  2.0

Action                   |  1- 3 |  4- 6 || total
-------------------------+-------+-------++-------
Melee: Unarmed           |    57 |     9 ||    66
       Constrict         |    17 |     3 ||    20
       Tentacles         |    12 |     3 ||    15
       Kick              |     4 |     2 ||     6
       Punch             |       |     1 ||     1
 Cast: Beastly Appendage |     5 |     1 ||     6
       Wereblood         |     2 |       ||     2
 Stab: Sleeping          |     8 |       ||     8
Armor: Skin              |     1 |       ||     1
Dodge: Dodged            |    32 |     3 ||    35

Table legend: (Time is in decaauts)
 A = Elapsed time spent in this place.
 B = Non-inter-level travel time spent in this place.
 C = Inter-level travel time spent in this place.
 D = Time resting spent in this place.
 E = Time spent auto-exploring this place.
 F = Levels seen in this place.
 G = Mean time per level.
                   A        B        C        D        E       F      G
               +--------+--------+--------+--------+--------+-----+--------+
         Total |   1274 |   1255 |     19 |      6 |   1047 |   2 |  637.0 |
       Dungeon |   1274 |   1255 |     19 |      6 |   1047 |   2 |  637.0 |
               +--------+--------+--------+--------+--------+-----+--------+

Top non-repeatable levels by time:
     D:1: 1133 daAuts
     D:2: 141 daAuts
